PAAA
PHOENIX HOTSPUR RESERVES @ SALT LAKE CITY BUZZ
05/22/2019
 
TOP OF THE 1ST
Phoenix Hotspur Reserves batting - Pitching for Salt Lake City Buzz : LHP Dalton García
Pitching: LHP Dalton García
Batting: RHB Alejandro Ibarra 0-0: Called Strike
0-1: Called Strike
0-2: Strikes out looking
Batting: LHB Alberto Torres 0-0: Foul Ball, location: 2F
0-1: Foul Ball, location: 2F
0-2: Ball
1-2: SINGLE (Line Drive, 4MD)
Batting: RHB Phil Terry 0-0: Grounds into double play, 5-4-3 (Groundball, 5)
Top of the 1st over - 0 run(s), 1 hit(s), 0 error(s), 0 left on base; Phoenix 0 - Salt Lake City 0
BOTTOM OF THE 1ST
Salt Lake City Buzz batting - Pitching for Phoenix Hotspur Reserves : RHP Alin Oanta
Pitching: RHP Alin Oanta
Batting: RHB Roberto Ríos 0-0: Ball
1-0: Ball
2-0: Ground out 6-3 (Groundball, 6)
Batting: LHB Chris Stoltzfus 0-0: SINGLE (Groundball, 34D) (infield hit)
Batting: LHB Fernando González 0-0: Swinging Strike
0-1: Ball
1-1: Ball
2-1: Called Strike
2-2: Ground out 4-3 (Groundball, 13)
Chris Stoltzfus to second
Batting: RHB Ichiyo Fujii 0-0: Called Strike
0-1: Ball
1-1: Foul Ball, location: 2F
1-2: Foul Ball, location: 2F
1-2: SINGLE (Groundball, 56) (infield hit)
Chris Stoltzfus to third
Batting: LHB William Hansen 0-0: Ball
1-0: Ground out 4-3 (Groundball, 4)
Bottom of the 1st over - 0 run(s), 2 hit(s), 0 error(s), 2 left on base; Phoenix 0 - Salt Lake City 0
TOP OF THE 2ND
Phoenix Hotspur Reserves batting - Pitching for Salt Lake City Buzz : LHP Dalton García
Batting: RHB António Ramos 0-0: Called Strike
0-1: Ball
1-1: Swinging Strike
1-2: Foul Ball, location: 2F
1-2: Ball
2-2: Foul Ball, location: 2F
2-2: Ball
3-2: Base on Balls
Batting: LHB Edgardo Téllez 0-0: Called Strike
0-1: Ball
1-1: Ball
2-1: Grounds into double play, 1-6-3 (Groundball, 15)
Batting: RHB Bob McNeil 0-0: Ball
1-0: Called Strike
1-1: Called Strike
1-2: Foul Ball, location: 2F
1-2: Foul Ball, location: 2F
1-2: Ground out 6-3 (Groundball, 6MS)
Top of the 2nd over - 0 run(s), 0 hit(s), 0 error(s), 0 left on base; Phoenix 0 - Salt Lake City 0
BOTTOM OF THE 2ND
Salt Lake City Buzz batting - Pitching for Phoenix Hotspur Reserves : RHP Alin Oanta
Batting: SHB Raymond Bright 0-0: Swinging Strike
0-1: Ball
1-1: Ball
2-1: Foul Ball, location: 2F
2-2: Foul Ball, location: 2F
2-2: Ground out 1-3 (Groundball, 13S)
Batting: SHB Shelby Reusch 0-0: Ground out 1-3 (Groundball, 13S)
Batting: RHB Patrick Clark 0-0: Ball
1-0: SOLO HOME RUN (Line Drive, 78XD), Distance : 442 ft
Batting: RHB Larry Brown 0-0: Fly out, F9 (Flyball, 89S)
Bottom of the 2nd over - 1 run(s), 1 hit(s), 0 error(s), 0 left on base; Phoenix 0 - Salt Lake City 1
TOP OF THE 3RD
Phoenix Hotspur Reserves batting - Pitching for Salt Lake City Buzz : LHP Dalton García
Batting: LHB Dave Wynn 0-0: Fly out, F9 (Flyball, 89D)
Batting: RHB Greg Griffin 0-0: Foul Ball, location: 2F
0-1: Ball
1-1: Ground out 5-3 (Groundball, 5)
Batting: RHB Nick Reed 0-0: Foul Ball, location: 2F
0-1: Called Strike
0-2: Ground out 1-3 (Groundball, 23)
Top of the 3rd over - 0 run(s), 0 hit(s), 0 error(s), 0 left on base; Phoenix 0 - Salt Lake City 1
BOTTOM OF THE 3RD
Salt Lake City Buzz batting - Pitching for Phoenix Hotspur Reserves : RHP Alin Oanta
Batting: RHB Roberto Ríos 0-0: Foul Ball, location: 2F
0-1: Swinging Strike
0-2: Ball
1-2: Ball
2-2: Strikes out swinging
Batting: LHB Chris Stoltzfus 0-0: Ball
1-0: Called Strike
1-1: Ball
2-1: Called Strike
2-2: Strikes out looking
Batting: LHB Fernando González 0-0: Ball
1-0: Foul Ball, location: 2F
1-1: Fly out, F7 (Line Drive, 7LS)
Bottom of the 3rd over - 0 run(s), 0 hit(s), 0 error(s), 0 left on base; Phoenix 0 - Salt Lake City 1
TOP OF THE 4TH
Phoenix Hotspur Reserves batting - Pitching for Salt Lake City Buzz : LHP Dalton García
Batting: RHB Alejandro Ibarra 0-0: Foul Ball, location: 2F
0-1: Ball
1-1: Ball
2-1: Called Strike
2-2: Strikes out swinging
Batting: LHB Alberto Torres 0-0: Foul Ball, location: 2F
0-1: Fly out, F7 (Line Drive, 78M)
Batting: RHB Phil Terry 0-0: Called Strike
0-1: Foul Ball, location: 2F
0-2: Ball
1-2: Fly out, F8 (Line Drive, 8LM)
Top of the 4th over - 0 run(s), 0 hit(s), 0 error(s), 0 left on base; Phoenix 0 - Salt Lake City 1
BOTTOM OF THE 4TH
Salt Lake City Buzz batting - Pitching for Phoenix Hotspur Reserves : RHP Alin Oanta
Batting: RHB Ichiyo Fujii 0-0: Called Strike
0-1: SINGLE (Flyball, 9LM)
Batting: LHB William Hansen 0-0: Ball
1-0: Fly out, F5 (Popup, 5F)
Batting: SHB Raymond Bright 0-0: Ball
1-0: Ball
2-0: Foul Ball, location: 2F
2-1: Ball
3-1: Ground out 4-3 (Groundball, 4M)
Ichiyo Fujii to second
Batting: SHB Shelby Reusch 0-0: Called Strike
0-1: Ball
1-1: SINGLE (Groundball, 23) (infield hit)
Ichiyo Fujii to third
Batting: RHB Patrick Clark 0-0: Ball
1-0: Ball
2-0: Called Strike
2-1: Ball
3-1: Swinging Strike
3-2: Strikes out swinging
Bottom of the 4th over - 0 run(s), 2 hit(s), 0 error(s), 2 left on base; Phoenix 0 - Salt Lake City 1
TOP OF THE 5TH
Phoenix Hotspur Reserves batting - Pitching for Salt Lake City Buzz : LHP Dalton García
Batting: RHB António Ramos 0-0: Foul Ball, location: 2F
0-1: Fly out, F4 (Popup, 8RS)
Batting: LHB Edgardo Téllez 0-0: Ball
1-0: Ball
2-0: Called Strike
2-1: Called Strike
2-2: Strikes out looking
Batting: RHB Bob McNeil 0-0: Foul Ball, location: 2F
0-1: Fly out, F7 (Flyball, 78S)
Top of the 5th over - 0 run(s), 0 hit(s), 0 error(s), 0 left on base; Phoenix 0 - Salt Lake City 1
BOTTOM OF THE 5TH
Salt Lake City Buzz batting - Pitching for Phoenix Hotspur Reserves : RHP Alin Oanta
Batting: RHB Larry Brown 0-0: Ball
1-0: Ball
2-0: Called Strike
2-1: Ball
3-1: Swinging Strike
3-2: Fly out, F7 (Popup, 6D)
Batting: RHB Roberto Ríos 0-0: Called Strike
0-1: Ball
1-1: Ball
2-1: Called Strike
2-2: Fly out, F7 (Flyball, 78M)
Batting: LHB Chris Stoltzfus 0-0: Called Strike
0-1: Swinging Strike
0-2: Ground out 4-3 (Groundball, 4)
Bottom of the 5th over - 0 run(s), 0 hit(s), 0 error(s), 0 left on base; Phoenix 0 - Salt Lake City 1
TOP OF THE 6TH
Phoenix Hotspur Reserves batting - Pitching for Salt Lake City Buzz : LHP Dalton García
Batting: LHB Dave Wynn 0-0: Called Strike
0-1: Ground out 3-1 (Groundball, 3)
Batting: RHB Greg Griffin 0-0: Called Strike
0-1: Foul Ball, location: 2F
0-2: Foul Ball, location: 2F
0-2: Ball
1-2: Ball
2-2: Foul Ball, location: 2F
2-2: Fly out, F5 (Popup, 56S)
Batting: RHB Nick Reed 0-0: Foul Ball, location: 2F
0-1: Foul Ball, location: 2F
0-2: Foul Ball, location: 2F
0-2: Strikes out swinging
Top of the 6th over - 0 run(s), 0 hit(s), 0 error(s), 0 left on base; Phoenix 0 - Salt Lake City 1
BOTTOM OF THE 6TH
Salt Lake City Buzz batting - Pitching for Phoenix Hotspur Reserves : RHP Alin Oanta
Batting: LHB Fernando González 0-0: Ball
1-0: Called Strike
1-1: SINGLE (Groundball, 6MD)
Batting: RHB Ichiyo Fujii 0-0: Ball
1-0: Called Strike
1-1: Ball
2-1: Foul Ball, location: 2F
2-2: SINGLE (Line Drive, 7LS)
Fernando González to second
Batting: LHB William Hansen 0-0: Foul Ball, location: 2F
0-1: Ball
1-1: Grounds into double play, 4-6-3 (Groundball, 4)
Fernando González to third
Batting: SHB Raymond Bright 0-0: Ball
1-0: Called Strike
1-1: Ball
2-1: Swinging Strike
2-2: Ball
3-2: Foul Ball, location: 2F
3-2: Base on Balls
Batting: SHB Shelby Reusch 0-0: Called Strike
0-1: Ball
1-1: Ball
2-1: Foul Ball, location: 2F
2-2: Strikes out swinging
Bottom of the 6th over - 0 run(s), 2 hit(s), 0 error(s), 2 left on base; Phoenix 0 - Salt Lake City 1
TOP OF THE 7TH
Phoenix Hotspur Reserves batting - Pitching for Salt Lake City Buzz : LHP Dalton García
Batting: RHB Alejandro Ibarra 0-0: Ball
1-0: Foul Ball, location: 2F
1-1: Ball
2-1: Ball
3-1: Swinging Strike
3-2: Fly out, F8 (Flyball, 8RM)
Batting: LHB Alberto Torres 0-0: Ground out 4-3 (Groundball, 34)
Batting: RHB Phil Terry 0-0: Ground out 5-3 (Groundball, 56)
Top of the 7th over - 0 run(s), 0 hit(s), 0 error(s), 0 left on base; Phoenix 0 - Salt Lake City 1
BOTTOM OF THE 7TH
Salt Lake City Buzz batting - Pitching for Phoenix Hotspur Reserves : RHP Alin Oanta
Batting: RHB Patrick Clark 0-0: Ball
1-0: Swinging Strike
1-1: Ball
2-1: Ball
3-1: Foul Ball, location: 2F
3-2: Foul Ball, location: 2F
3-2: Base on Balls
Pinch Hitting: LHB George Huffman 0-0: Ball
1-0: Ball
2-0: Fielders Choice at 2nd, 1-6 (Groundball, 13)
Pinch Hitting: RHB Jim Unknown 0-0: Called Strike
0-1: Swinging Strike
0-2: Ball
1-2: Ball
2-2: Strikes out looking
Pinch Hitting: LHB Frank Bass 0-0: Called Strike
0-1: Called Strike
0-2: Ball
1-2: SINGLE (Groundball, 34D)
George Huffman to second
Runner from 2nd tries for 3rd, SAFE, throw made to third
Pitching: LHP Jeff Burrell
Batting: LHB Fernando González 0-0: Ball
1-0: Ball
2-0: Called Strike
2-1: Ball
3-1: Foul Ball, location: 2F
3-2: Strikes out looking
Bottom of the 7th over - 0 run(s), 1 hit(s), 0 error(s), 2 left on base; Phoenix 0 - Salt Lake City 1
TOP OF THE 8TH
Phoenix Hotspur Reserves batting - Pitching for Salt Lake City Buzz : LHP Dalton García
Now at SS: Ugo Brandini
Now in LF: Jim Unknown
Now in RF: Roger Osborne
Batting: RHB António Ramos 0-0: Ball
1-0: Swinging Strike
1-1: Fly out, F8 (Flyball, 8LS)
Batting: LHB Edgardo Téllez 0-0: Called Strike
0-1: Ball
1-1: Foul Ball, location: 2F
1-2: Ground out 3-1 (Groundball, 3L)
Batting: RHB Bob McNeil 0-0: Called Strike
0-1: Ball
1-1: Foul Ball, location: 2F
1-2: Ball
2-2: Foul Ball, location: 2F
2-2: Ball
3-2: Foul Ball, location: 2F
3-2: Foul Ball, location: 2F
3-2: Fly out, F6 (Popup, 56D)
Top of the 8th over - 0 run(s), 0 hit(s), 0 error(s), 0 left on base; Phoenix 0 - Salt Lake City 1
BOTTOM OF THE 8TH
Salt Lake City Buzz batting - Pitching for Phoenix Hotspur Reserves : LHP Jeff Burrell
Batting: RHB Ichiyo Fujii 0-0: Ball
1-0: Called Strike
1-1: Foul Ball, location: 2F
1-2: Ball
2-2: Fly out, F7 (Flyball, 78M)
Batting: LHB William Hansen 0-0: Fly out, F8 (Flyball, 8RM)
Batting: SHB Raymond Bright 0-0: Ball
1-0: Ball
2-0: Foul Ball, location: 2F
2-1: Ball
3-1: Base on Balls
Batting: SHB Shelby Reusch 0-0: Called Strike
0-1: Fielders Choice at 2nd, U6 (Groundball, 6M)
Bottom of the 8th over - 0 run(s), 0 hit(s), 0 error(s), 1 left on base; Phoenix 0 - Salt Lake City 1
TOP OF THE 9TH
Phoenix Hotspur Reserves batting - Pitching for Salt Lake City Buzz : LHP Dalton García
Pinch Hitting: RHB Rich Norman 0-0: Foul Ball, location: 2F
0-1: Swinging Strike
0-2: Strikes out swinging
Batting: RHB Greg Griffin 0-0: Ball
1-0: Ball
2-0: Ball
3-0: Base on Balls
Pitching: RHP Javier Díaz
Pinch Hitting: RHB Richard Moss 0-0: Ball
1-0: Swinging Strike
1-1: Ball
2-1: SINGLE (Groundball, 56D)
Greg Griffin to second
Batting: RHB Alejandro Ibarra 0-0: Fly out, F4 (Popup, 4)
Batting: LHB Alberto Torres 0-0: Ball
1-0: Called Strike
1-1: Foul Ball, location: 2F
1-2: Foul Ball, location: 2F
1-2: Strikes out swinging
Top of the 9th over - 0 run(s), 1 hit(s), 0 error(s), 2 left on base; Phoenix 0 - Salt Lake City 1
This league is powered by Out of the Park Baseball, the baseball management simulation game for PC, Mac and Linux
Saturday, July 25th, 2015 - OOTP Baseball 15.6 Build 34